XFBL
MILWAUKEE BREWERS @ TEXAS RANGERS
04/24/1982
 
TOP OF THE 1ST
Milwaukee Brewers batting - Pitching for Texas Rangers : RHP Tim Leary
Pitching: RHP Tim Leary
Batting: RHB Steve Sax 0-0: Foul Ball, location: 2F
0-1: Foul Ball, location: 2F
0-2: Foul Ball, location: 2F
0-2: Ball
1-2: Ground out 5-3 (Groundball, 56, EV 98.8 MPH)
Batting: LHB Von Hayes 0-0: Ball
1-0: Fly out, F7 (Flyball, 7D, EV 89.4 MPH)
Batting: RHB Eric Davis 0-0: Called Strike
0-1: Ball
1-1: Foul Ball, location: 2F
1-2: Strikes out swinging
Top of the 1st over - 0 runs, 0 hits, 0 errors, 0 left on base; Milwaukee 0 - Texas 0
BOTTOM OF THE 1ST
Texas Rangers batting - Pitching for Milwaukee Brewers : LHP Gary Lucas
Pitching: LHP Gary Lucas
Batting: SHB Ron Roenicke 0-0: Foul Ball, location: 2F
0-1: Ball
1-1: Ball
2-1: Ball
3-1: Ground out 6-3 (Groundball, 6MS, EV 73.1 MPH)
Batting: RHB Juan Rodriguez 0-0: DOUBLE (Line Drive, 5D, EV 101.9 MPH)
Batting: LHB Jody Helser 0-0: Ball
1-0: Ball
2-0: SINGLE (Groundball, 6D, EV 96.9 MPH)
Juan Rodriguez to third
Runner from 3rd tries for Home, SAFE, throw by LF to home
Batting: RHB Steve Garvey 0-0: DOUBLE (Line Drive, 9LM, EV 108.1 MPH)
Jody Helser to third
Runner from 3rd tries for Home, SAFE, no throw by RF
Batting: RHB Steve Balboni 0-0: Called Strike
0-1: Foul Ball, location: 2F
0-2: Ball
1-2: Foul Ball, location: 2F
1-2: Ball
2-2: Ball
3-2: Strikes out swinging
Batting: RHB George A Bell 0-0: Ground out 4-3 (Groundball, 34, EV 92.5 MPH)
Bottom of the 1st over - 2 runs, 3 hits, 0 errors, 1 left on base; Milwaukee 0 - Texas 2
TOP OF THE 2ND
Milwaukee Brewers batting - Pitching for Texas Rangers : RHP Tim Leary
Batting: SHB Eddie Murray 0-0: Ball
1-0: Ball
2-0: Ball
3-0: Base on Balls
Batting: LHB Al Oliver 0-0: Fly out, F8 (Flyball, 78S, EV 91.9 MPH)
Batting: RHB Thurman Munson 0-0: Called Strike
0-1: Ball
1-1: Ball
2-1: Ball
3-1: Foul Ball, location: 2F
3-2: Grounds into double play, 6-4-3 (Groundball, 6, EV 84.4 MPH)
Top of the 2nd over - 0 runs, 0 hits, 0 errors, 0 left on base; Milwaukee 0 - Texas 2
BOTTOM OF THE 2ND
Texas Rangers batting - Pitching for Milwaukee Brewers : LHP Gary Lucas
Batting: RHB Rich Dauer 0-0: Ball
1-0: Ball
2-0: Called Strike
2-1: Fly out, F4 (Line Drive, 4, EV 70.6 MPH)
Batting: LHB Ernie Whitt 0-0: Ground out 6-3 (Groundball, 6MS, EV 68.1 MPH)
Batting: LHB Richie Hebner 0-0: Called Strike
0-1: Ball
1-1: Ball
2-1: Fly out, F7 (Flyball, 78D, EV 93.1 MPH)
Bottom of the 2nd over - 0 runs, 0 hits, 0 errors, 0 left on base; Milwaukee 0 - Texas 2
TOP OF THE 3RD
Milwaukee Brewers batting - Pitching for Texas Rangers : RHP Tim Leary
Batting: RHB Mike Schmidt 0-0: Called Strike
0-1: Foul Ball, location: 2F
0-2: Strikes out swinging
Batting: RHB Ken Landreaux 0-0: Swinging Strike
0-1: Fly out, F2 (Popup, 13S, EV 86.3 MPH)
Batting: SHB Alfredo Griffin 0-0: Ball
1-0: Ball
2-0: Foul Ball, location: 2F
2-1: Foul Ball, location: 2F
2-2: Hit by Pitch
Batting: RHB Steve Sax 0-0: Ball
1-0: Called Strike
Alfredo Griffin is caught stealing 2nd base 2-4
Top of the 3rd over - 0 runs, 0 hits, 0 errors, 0 left on base; Milwaukee 0 - Texas 2
BOTTOM OF THE 3RD
Texas Rangers batting - Pitching for Milwaukee Brewers : LHP Gary Lucas
Batting: SHB Ron Roenicke 0-0: Ball
1-0: Ball
2-0: Ball
3-0: Called Strike
3-1: Ground out 6-3 (Groundball, 6M, EV 91.9 MPH)
Batting: RHB Juan Rodriguez 0-0: Called Strike
0-1: Fly out, F8 (Line Drive, 8RD, EV 93.8 MPH)
Batting: LHB Jody Helser 0-0: Called Strike
0-1: Called Strike
0-2: Strikes out swinging
Bottom of the 3rd over - 0 runs, 0 hits, 0 errors, 0 left on base; Milwaukee 0 - Texas 2
TOP OF THE 4TH
Milwaukee Brewers batting - Pitching for Texas Rangers : RHP Tim Leary
Batting: RHB Steve Sax 0-0: Ball
1-0: Called Strike
1-1: Ball
2-1: Swinging Strike
2-2: Strikes out looking
Batting: LHB Von Hayes 0-0: Ball
1-0: Ball
2-0: Fly out, F7 (Flyball, 78D, EV 89.4 MPH)
Batting: RHB Eric Davis 0-0: Called Strike
0-1: Foul Ball, location: 2F
0-2: Ball
1-2: Strikes out looking
Top of the 4th over - 0 runs, 0 hits, 0 errors, 0 left on base; Milwaukee 0 - Texas 2
BOTTOM OF THE 4TH
Texas Rangers batting - Pitching for Milwaukee Brewers : LHP Gary Lucas
Batting: RHB Steve Garvey 0-0: Fly out, F9 (Flyball, 9, EV 90.0 MPH)
Batting: RHB Steve Balboni 0-0: Foul Ball, location: 2F
0-1: Ball
1-1: Ball
2-1: Foul Ball, location: 2F
2-2: Fly out, F7 (Flyball, 7LD, EV 102.5 MPH)
Batting: RHB George A Bell 0-0: Called Strike
0-1: Ball
1-1: Foul Ball, location: 2F
1-2: Strikes out swinging
Bottom of the 4th over - 0 runs, 0 hits, 0 errors, 0 left on base; Milwaukee 0 - Texas 2
TOP OF THE 5TH
Milwaukee Brewers batting - Pitching for Texas Rangers : RHP Tim Leary
Batting: SHB Eddie Murray 0-0: SOLO HOME RUN (Flyball, 7D, EV 100.6 MPH), Distance : 393 ft
Batting: LHB Al Oliver 0-0: Ball
1-0: Ball
2-0: Ball
3-0: Called Strike
3-1: Ground out 5-3 (Groundball, 5, EV 107.5 MPH)
Batting: RHB Thurman Munson 0-0: Ball
1-0: Foul Ball, location: 2F
1-1: Ground out 6-3 (Groundball, 6S, EV 82.5 MPH)
Batting: RHB Mike Schmidt 0-0: Foul Ball, location: 2F
0-1: Foul Ball, location: 2F
0-2: Foul Ball, location: 2F
0-2: Ball
1-2: SOLO HOME RUN (Flyball, 89XD, EV 93.1 MPH), Distance : 422 ft
Batting: RHB Ken Landreaux 0-0: Foul Ball, location: 2F
0-1: SINGLE (Groundball, 6MD, EV 100.0 MPH)
Batting: SHB Alfredo Griffin 0-0: Ball
Ken Landreaux is caught stealing 2nd base 2-6
Top of the 5th over - 2 runs, 3 hits, 0 errors, 0 left on base; Milwaukee 2 - Texas 2
BOTTOM OF THE 5TH
Texas Rangers batting - Pitching for Milwaukee Brewers : LHP Gary Lucas
Batting: RHB Rich Dauer 0-0: Ground out 6-3 (Groundball, 6, EV 85.6 MPH)
Batting: LHB Ernie Whitt 0-0: Called Strike
0-1: Fly out, F8 (Flyball, 8RD, EV 92.5 MPH)
Batting: LHB Richie Hebner 0-0: Ball
1-0: Called Strike
1-1: Ground out 6-3 (Groundball, 6, EV 80.6 MPH)
Bottom of the 5th over - 0 runs, 0 hits, 0 errors, 0 left on base; Milwaukee 2 - Texas 2
TOP OF THE 6TH
Milwaukee Brewers batting - Pitching for Texas Rangers : RHP Tim Leary
Batting: SHB Alfredo Griffin 0-0: Swinging Strike
0-1: Ball
1-1: Ball
2-1: Fly out, F7 (Flyball, 7LD, EV 108.1 MPH)
Batting: RHB Steve Sax 0-0: Called Strike
0-1: SINGLE (Line Drive, 6D, EV 95.6 MPH)
Batting: LHB Von Hayes 0-0: Ball
1-0: Ball
2-0: Swinging Strike
2-1: Foul Ball, location: 2F
2-2: Strikes out swinging
Batting: RHB Eric Davis 0-0: Ball
1-0: Called Strike
1-1: Called Strike
1-2: Ball
Steve Sax steals 2nd base
2-2: Ground out 5-3 (Groundball, 56, EV 86.3 MPH)
Top of the 6th over - 0 runs, 1 hit, 0 errors, 1 left on base; Milwaukee 2 - Texas 2
BOTTOM OF THE 6TH
Texas Rangers batting - Pitching for Milwaukee Brewers : LHP Gary Lucas
Batting: SHB Ron Roenicke 0-0: Ball
1-0: Ball
2-0: Ball
3-0: Swinging Strike
3-1: DOUBLE (Line Drive, 78D, EV 108.8 MPH)
Batting: RHB Juan Rodriguez 0-0: Foul Ball, location: 2F
0-1: Foul Ball, location: 2F
0-2: Ball
1-2: DOUBLE (Line Drive, 89D, EV 103.1 MPH)
Ron Roenicke scores
Batting: LHB Jody Helser 0-0: Called Strike
0-1: Hit by Pitch
Batting: RHB Steve Garvey 0-0: Ball
1-0: Called Strike
1-1: Foul Ball, location: 2F
1-2: SINGLE (Line Drive, 89M, EV 109.4 MPH)
Juan Rodriguez to third
Jody Helser to second
Runner from 3rd tries for Home, SAFE, throw by RF to home
Batting: RHB Steve Balboni 0-0: Fly out, F9 (Flyball, 9, EV 86.9 MPH)
Batting: RHB George A Bell 0-0: Foul Ball, location: 2F
0-1: Called Strike
0-2: Ball
1-2: Strikes out swinging
Batting: RHB Rich Dauer 0-0: Fly out, F9 (Flyball, 89M, EV 84.4 MPH)
Bottom of the 6th over - 2 runs, 3 hits, 0 errors, 2 left on base; Milwaukee 2 - Texas 4
TOP OF THE 7TH
Milwaukee Brewers batting - Pitching for Texas Rangers : RHP Tim Leary
Batting: SHB Eddie Murray 0-0: Ball
1-0: Foul Ball, location: 2F
1-1: Ball
2-1: SINGLE (Groundball, 6D, EV 110.0 MPH)
Batting: LHB Al Oliver 0-0: Called Strike
0-1: Fly out, F7 (Flyball, 7, EV 86.3 MPH)
Batting: RHB Thurman Munson 0-0: Swinging Strike
0-1: Foul Ball, location: 2F
0-2: Ball
1-2: Foul Ball, location: 2F
1-2: Grounds into double play, 5-4-3 (Groundball, 56, EV 83.1 MPH)
Top of the 7th over - 0 runs, 1 hit, 0 errors, 0 left on base; Milwaukee 2 - Texas 4
BOTTOM OF THE 7TH
Texas Rangers batting - Pitching for Milwaukee Brewers : LHP Gary Lucas
Batting: LHB Ernie Whitt 0-0: Called Strike
0-1: Ground out U3 (Groundball, 34, EV 78.1 MPH)
Batting: LHB Richie Hebner 0-0: Ball
1-0: Swinging Strike
1-1: Called Strike
1-2: Ball
2-2: Ground out 4-3 (Groundball, 4, EV 81.3 MPH)
Batting: SHB Ron Roenicke 0-0: Called Strike
0-1: Foul Ball, location: 2F
0-2: Ball
1-2: Foul Ball, location: 2F
1-2: Ball
2-2: SINGLE (Groundball, 56D, EV 98.8 MPH)
Batting: RHB Juan Rodriguez 0-0: Called Strike
0-1: Ground out U3 (Groundball, 3, EV 83.1 MPH)
Bottom of the 7th over - 0 runs, 1 hit, 0 errors, 1 left on base; Milwaukee 2 - Texas 4
TOP OF THE 8TH
Milwaukee Brewers batting - Pitching for Texas Rangers : RHP Tim Leary
Batting: RHB Mike Schmidt 0-0: Called Strike
0-1: Ball
1-1: Foul Ball, location: 2F
1-2: Ball
2-2: Foul Ball, location: 2F
2-2: SINGLE (Line Drive, 89M, EV 93.1 MPH)
Batting: RHB Ken Landreaux 0-0: Fielders Choice at 2nd, 4-6 (Groundball, 4, EV 109.4 MPH)
Batting: SHB Alfredo Griffin 0-0: Fly out, F4 (Popup, 34D, EV 46.3 MPH)
Batting: RHB Steve Sax 0-0: Fly out, F9 (Line Drive, 9D, EV 89.4 MPH)
Top of the 8th over - 0 runs, 1 hit, 0 errors, 1 left on base; Milwaukee 2 - Texas 4
BOTTOM OF THE 8TH
Texas Rangers batting - Pitching for Milwaukee Brewers : LHP Gary Lucas
Batting: LHB Jody Helser 0-0: Ball
1-0: Ball
2-0: Ball
3-0: Base on Balls
Batting: RHB Steve Garvey 0-0: Ball
1-0: SINGLE (Groundball, 6MD, EV 103.8 MPH)
Jody Helser to second
Runner from 2nd tries for 3rd, SAFE, no throw by CF
Batting: RHB Steve Balboni 0-0: Ball
1-0: Ball
2-0: Called Strike
2-1: Called Strike
2-2: Ball
3-2: Foul Ball, location: 2F
3-2: Strikes out swinging
Steve Garvey steals 2nd base
Batter strikes out.
Batting: RHB George A Bell 0-0: Fly out, F8 (Flyball, 8RD, EV 96.3 MPH)
Runner from 3rd tags up, OUT at HOME! 8-2
Bottom of the 8th over - 0 runs, 1 hit, 0 errors, 1 left on base; Milwaukee 2 - Texas 4
TOP OF THE 9TH
Milwaukee Brewers batting - Pitching for Texas Rangers : RHP Tim Leary
Batting: LHB Von Hayes 0-0: Called Strike
0-1: Ball
1-1: Fly out, F4 (Flyball, 34D, EV 80.0 MPH)
Pitching: RHP Kent Tekulve
Batting: RHB Eric Davis 0-0: Called Strike
0-1: Ball
1-1: Swinging Strike
1-2: Ball
2-2: Strikes out swinging
Batting: SHB Eddie Murray 0-0: Ball
1-0: Ball
2-0: Ball
3-0: Called Strike
3-1: Foul Ball, location: 2F
3-2: Fly out, F7 (Flyball, 7LS, EV 70.6 MPH)
Top of the 9th over - 0 runs, 0 hits, 0 errors, 0 left on base; Milwaukee 2 - Texas 4
Wednesday, July 22nd, 2020 - OOTP Baseball 21.4 Build 63